Workbook

Sheet Hárok1
A1: Číslo projektu | B1: Názov projektu | C1: Zodpovedný riešiteľ | D1: Žiadateľská organizácia | E1: Charakter výskumu | F1: Odbor výskumu | G1: Vedná oblasť | H1: Priemerné hodnotenie posudzovateľmi | I1: Výsledné hodnotenie radou | J1: Výsledný stav | K1: Výzva
A2: SK-UA-2013-0001 | B2: Syntéza nových analógov vitamínu E a štúdium protinádorového mechanizmu prostredníctvom topoizomerázovej inhibície. | C2: doc. RNDr. Mária Kožurková CSc. | D2: Univerzita Pavla Jozefa Šafárika v Košiciach, Prírodovedecká fakulta | F2: Biochémia (aj pre lekárske, farmaceutické, veterinárne, poľnohospodárske, lesnícke a vodohospodárske vedy) | G2: Medzinárodná vedecko-technická spolupráca | H2: Nepodporené | I2: Nepodporené | J2: Nefinancovaný | K2: =LEFT(Hárok1!$A2,LEN(Hárok1!$A2)-5) -> SK-UA-2013
A3: SK-UA-2013-0002 | B3: Elektrochemická syntéza karbidových nanokompozitov na báze karbidov molybdénu a volfrámu a kovov triády železa | C3: Ing. Marta Ambrová PhD. | D3: Slovenská technická univerzita v Bratislave, Fakulta chemickej a potravinárskej technológie | F3: Anorganická technológia a materiály | G3: Medzinárodná vedecko-technická spolupráca | H3: Nepodporené | I3: Nepodporené | J3: Nefinancovaný | K3: =LEFT(Hárok1!$A3,LEN(Hárok1!$A3)-5) -> SK-UA-2013
A4: SK-UA-2013-0003 | B4: Nanoštruktúrne mechanochemicky modifikované zlúčeniny arzénu s protirakovinovým účinkom: od ab-initio kvantovo-mechanickým modelom k experimentálnym overeniam | C4: prof. RNDr. Peter Baláž DrSc. | D4: Ústav geotechniky SAV, | F4: Materiálová chémia | G4: Medzinárodná vedecko-technická spolupráca | H4: 90.5 | I4: 90.5 | J4: Financovaný | K4: =LEFT(Hárok1!$A4,LEN(Hárok1!$A4)-5) -> SK-UA-2013
A5: SK-UA-2013-0004 | B5: Prieskum interakcií medzi endokrinnými disruptormi, mikroflórou a rybami vo vodných prostrediach za účelom stanovenia vhodných bioindikátorov na detekciu kontaminácie | C5: Dr. Domenico Pangallo PhD. | D5: Ústav molekulárnej biológie SAV, | F5: Prírodné vedy | G5: Medzinárodná vedecko-technická spolupráca | H5: Nepodporené | I5: Nepodporené | J5: Nefinancovaný | K5: =LEFT(Hárok1!$A5,LEN(Hárok1!$A5)-5) -> SK-UA-2013
A6: SK-UA-2013-0005 | B6: Rastlinná obrana voči arzénu v závislosti od rôznych výživových podmienok | C6: Mgr. Ildikó Matušíková PhD. | D6: Centrum biológie rastlín a biodiverzity SAV - Ústav genetiky a biotechnológií rastlín SAV, | F6: Fyziológia rastlín | G6: Medzinárodná vedecko-technická spolupráca | H6: Nepodporené | I6: Nepodporené | J6: Nefinancovaný | K6: =LEFT(Hárok1!$A6,LEN(Hárok1!$A6)-5) -> SK-UA-2013
A7: SK-UA-2013-0006 | B7: Využitie lineárneho urýchľovača u pacientov s vnútroočným nádorom | C7: doc. MUDr. Alena Furdová PhD. MPH | D7: Univerzita Komenského v Bratislave, Lekárska fakulta | F7: Oftalmológia | G7: Medzinárodná vedecko-technická spolupráca | H7: Nepodporené | I7: Nepodporené | J7: Nevyhovel FT kontrole | K7: =LEFT(Hárok1!$A7,LEN(Hárok1!$A7)-5) -> SK-UA-2013
A8: SK-UA-2013-0007 | B8: Štúdium chitinázy z rosičky (Drosera rotundifolia) pre zelenú ochranu životného prostredia | C8: Ing. Jana Moravčíková PhD. | D8: Centrum biológie rastlín a biodiverzity SAV - Ústav genetiky a biotechnológií rastlín SAV, | F8: Ostatné príbuzné odbory biologických vied | G8: Medzinárodná vedecko-technická spolupráca | H8: Nepodporené | I8: Nepodporené | J8: Nefinancovaný | K8: =LEFT(Hárok1!$A8,LEN(Hárok1!$A8)-5) -> SK-UA-2013
A9: SK-UA-2013-0009 | B9: Kvantové spinové systémy ako perspektívne materiály pre chladiace technológie | C9: doc. RNDr. Jozef Strečka PhD. | D9: Univerzita Pavla Jozefa Šafárika v Košiciach, Prírodovedecká fakulta | F9: Fyzika kondenzovaných látok a akustika | G9: Medzinárodná vedecko-technická spolupráca | H9: Nepodporené | I9: Nepodporené | J9: Nefinancovaný | K9: =LEFT(Hárok1!$A9,LEN(Hárok1!$A9)-5) -> SK-UA-2013
A10: SK-UA-2013-0010 | B10: Vývoj nových, ekologicky prijateľných, nízkoteplotných elektrolytov pre realizáciu elektrochemických procesov vylučovania, rafinácie a výroby vzácnych kovov. | C10: Ing. Viliam Pavlík PhD. | D10: Ústav anorganickej chémie SAV, | F10: Anorganická technológia a materiály | G10: Medzinárodná vedecko-technická spolupráca | H10: Nepodporené | I10: Nepodporené | J10: Nefinancovaný | K10: =LEFT(Hárok1!$A10,LEN(Hárok1!$A10)-5) -> SK-UA-2013
A11: SK-UA-2013-0011 | B11: Vývoj, vlastnosti a aplikácia nových potenciometrických senzorov pre stanovenie biologicky aktívných látok | C11: prof. Dr. Yaroslav Bazel DrSc. | D11: Univerzita Pavla Jozefa Šafárika v Košiciach, Prírodovedecká fakulta | F11: Analytická chémia | G11: Medzinárodná vedecko-technická spolupráca | H11: Nepodporené | I11: Nepodporené | J11: Nevyhovel FT kontrole | K11: =LEFT(Hárok1!$A11,LEN(Hárok1!$A11)-5) -> SK-UA-2013
A12: SK-UA-2013-0012 | B12: Phi Josephsonové spoje - simulácia, návrh a príprava | C12: prof. RNDr. Andrej Plecenik DrSc. | D12: Univerzita Komenského v Bratislave, Fakulta matematiky, fyziky a informatiky | F12: Fyzika kondenzovaných látok a akustika | G12: Medzinárodná vedecko-technická spolupráca | H12: Nepodporené | I12: Nepodporené | J12: Nevyhovel FT kontrole | K12: =LEFT(Hárok1!$A12,LEN(Hárok1!$A12)-5) -> SK-UA-2013
A13: SK-UA-2013-0013 | B13: Výskum porušenia a zákonov opotrebenia materiálov hutníckych zariadení | C13: doc. Ing. Janette Brezinová PhD. | D13: Technická univerzita v Košiciach, Strojnícka fakulta | F13: Strojárstvo | G13: Medzinárodná vedecko-technická spolupráca | H13: 97.5 | I13: 97.5 | J13: Financovaný | K13: =LEFT(Hárok1!$A13,LEN(Hárok1!$A13)-5) -> SK-UA-2013
A14: SK-UA-2013-0014 | B14: Chemická modifikácia povrchu drevných dýh pre zlepšenie kvality lepenia vrstvovitých materiálov | C14: doc. Ing. Ján Sedliačik PhD. | D14: Technická univerzita vo Zvolene, Drevárska fakulta | F14: Technológia a spracovanie dreva | G14: Medzinárodná vedecko-technická spolupráca | H14: Nepodporené | I14: Nepodporené | J14: Nefinancovaný | K14: =LEFT(Hárok1!$A14,LEN(Hárok1!$A14)-5) -> SK-UA-2013
A15: SK-UA-2013-0015 | B15: Rozpojené MANET siete | C15: doc. Ing. Ľubomír Doboš CSc. | D15: Technická univerzita v Košiciach, Fakulta elektrotechniky a informatiky | F15: Informačné a komunikačné technológie | G15: Medzinárodná vedecko-technická spolupráca | H15: Nepodporené | I15: Nepodporené | J15: Nefinancovaný | K15: =LEFT(Hárok1!$A15,LEN(Hárok1!$A15)-5) -> SK-UA-2013
A16: SK-UA-2013-0016 | B16: Možnosti kombinovania fytoremediácie s produkciou druhej generácie biopalivových rastlín pre čistenie lokalít kontaminovaných ťažkými kovmi na Slovensku a na Ukrajine | C16: prof. Valentyna Pidlisniuk DrSc. CSc. | D16: Univerzita Mateja Bela v Banskej Bystrici, Fakulta prírodných vied | F16: Ostatné príbuzné odbory Vied o zemi (geologických, geografických, ekologických a enviromentálnych vied) | G16: Medzinárodná vedecko-technická spolupráca | H16: Nepodporené | I16: Nepodporené | J16: Nefinancovaný | K16: =LEFT(Hárok1!$A16,LEN(Hárok1!$A16)-5) -> SK-UA-2013
A17: SK-UA-2013-0017 | B17: Zvyšovanie kvality obrábania vláknami vystuženého plastu (FRP) | C17: doc. Ing. Michal Hatala PhD. | D17: Technická univerzita v Košiciach, Fakulta výrobných technológií, Prešov | F17: Obrábanie, tvárnenie a povrchová úprava | G17: Medzinárodná vedecko-technická spolupráca | H17: Nepodporené | I17: Nepodporené | J17: Nefinancovaný | K17: =LEFT(Hárok1!$A17,LEN(Hárok1!$A17)-5) -> SK-UA-2013
A18: SK-UA-2013-0018 | B18: Príprava projektu pre aplikáciu IT v medzinárodnej železničnej doprave | C18: prof. Ing. Vladimír Modrák CSc. | D18: Technická univerzita v Košiciach, Fakulta výrobných technológií, Prešov | F18: Informačné systémy | G18: Medzinárodná vedecko-technická spolupráca | H18: Nepodporené | I18: Nepodporené | J18: Nefinancovaný | K18: =LEFT(Hárok1!$A18,LEN(Hárok1!$A18)-5) -> SK-UA-2013
A19: SK-UA-2013-0019 | B19: Príprava a štúdium tenkovrstvových elektrolytov Cu6РS5X (X = I, Br) pre výskum a vývoj superkondenzátorov novej generácie. | C19: RNDr. prof. Peter Kúš DrSc. | D19: Univerzita Komenského v Bratislave, Fakulta matematiky, fyziky a informatiky | F19: Fyzika kondenzovaných látok a akustika | G19: Medzinárodná vedecko-technická spolupráca | H19: Nepodporené | I19: Nepodporené | J19: Nefinancovaný | K19: =LEFT(Hárok1!$A19,LEN(Hárok1!$A19)-5) -> SK-UA-2013
A20: SK-UA-2013-0020 | B20: Výskum vlastností elektrických kontaktov uhlík – kov vyrobených zváraním | C20: Ing. Peter Brziak PhD. | D20: Výskumný ústav zváračský - Priemyselný inštitút SR, | F20: Zváranie, zlievanie a prášková metalurgia | G20: Medzinárodná vedecko-technická spolupráca | H20: Nepodporené | I20: Nepodporené | J20: Nevyhovel FT kontrole | K20: =LEFT(Hárok1!$A20,LEN(Hárok1!$A20)-5) -> SK-UA-2013
A21: SK-UA-2013-0021 | B21: Syntéza nových sorpčných nanokompozitných materiálov založených na ZrO2 a bentonitoch pre odstraňovanie ťažkých kovov z vody | C21: RNDr. Zuzana Melichová PhD. | D21: Univerzita Mateja Bela v Banskej Bystrici, Fakulta prírodných vied | F21: Chemické vedy | G21: Medzinárodná vedecko-technická spolupráca | H21: Nepodporené | I21: Nepodporené | J21: Nefinancovaný | K21: =LEFT(Hárok1!$A21,LEN(Hárok1!$A21)-5) -> SK-UA-2013
A22: SK-UA-2013-0022 | B22: Ochrana a protierózna stabilita pôd – problémy a ich riešenia na Ukrajine a na Slovensku | C22: RNDr. Štefan Koco PhD. | D22: Výskumný ústav pôdoznalectva a ochrany pôdy, Výskumný ústav pôdoznalectva a ochrany pôdy | F22: Ochrana pôdy | G22: Medzinárodná vedecko-technická spolupráca | H22: Nepodporené | I22: Nepodporené | J22: Nefinancovaný | K22: =LEFT(Hárok1!$A22,LEN(Hárok1!$A22)-5) -> SK-UA-2013
A23: SK-UA-2013-0023 | B23: Spoločenstvá EPT slovensko-ukrajinského cezhraničného regiónu: štruktúra, diverzita a posúdenie ekologického stavu tokov | C23: Ing. Marek Svitok PhD. | D23: Technická univerzita vo Zvolene, Fakulta ekológie a environmentalistiky | F23: Všeobecná ekológia | G23: Medzinárodná vedecko-technická spolupráca | H23: 96 | I23: 96 | J23: Financovaný | K23: =LEFT(Hárok1!$A23,LEN(Hárok1!$A23)-5) -> SK-UA-2013
A24: SK-UA-2013-0024 | B24: Dištančné metódy zisťovania rastlinnej biomasy pre zabezpečenie energetických potrieb | C24: prof. Ing. František Janíček PhD. | D24: Slovenská technická univerzita v Bratislave, Fakulta elektrotechniky a informatiky | F24: Elektroenergetika | G24: Medzinárodná vedecko-technická spolupráca | H24: Nepodporené | I24: Nepodporené | J24: Nefinancovaný | K24: =LEFT(Hárok1!$A24,LEN(Hárok1!$A24)-5) -> SK-UA-2013
A25: SK-UA-2013-0025 | B25: Bioekologický a geochemický výskum toxicity podzemnej a povrchovej vody centrálnej oblasti Ukrajiny a Slovenska: asanácia, ochrana a manažment vody | C25: RNDr. EVA Štrbová PhD. | D25: Univerzita Mateja Bela v Banskej Bystrici, Fakulta prírodných vied | F25: Ostatné príbuzné odbory Vied o zemi (geologických, geografických, ekologických a enviromentálnych vied) | G25: Medzinárodná vedecko-technická spolupráca | H25: Nepodporené | I25: Nepodporené | J25: Nefinancovaný | K25: =LEFT(Hárok1!$A25,LEN(Hárok1!$A25)-5) -> SK-UA-2013
A26: SK-UA-2013-0026 | B26: Ekologické riziká a zmeny biodiverzity pod vplyvom elektromagnetického poľa pochádzajúceho od vedenia vysokého napätia | C26: Dr.h.c. doc. Vladimír Šebeň PhD. | D26: Prešovská univerzita v Prešove, | F26: Fyzikálne vedy | G26: Medzinárodná vedecko-technická spolupráca | H26: Nepodporené | I26: Nepodporené | J26: Nefinancovaný | K26: =LEFT(Hárok1!$A26,LEN(Hárok1!$A26)-5) -> SK-UA-2013
A27: SK-UA-2013-0027 | B27: Fyzikálne mechanizmy nízkoteplotnej plastickej deformácie a porušovania nových vysokopevných multikomponentých amorfných a vysokoentropických zliatin | C27: RNDr. Kornel Csach CSc. | D27: Ústav experimentálnej fyziky SAV, | F27: Materiálové inžinierstvo | G27: Medzinárodná vedecko-technická spolupráca | H27: 95 | I27: 95 | J27: Financovaný | K27: =LEFT(Hárok1!$A27,LEN(Hárok1!$A27)-5) -> SK-UA-2013
A28: SK-UA-2013-0028 | B28: Relaxácia a fotoindukované javy v chalkogenidových sklách v systéme Ge-As-S (Se) | C28: doc. RNDr. Karol Flachbart DrSc. | D28: Ústav experimentálnej fyziky SAV, | F28: Materiálové inžinierstvo | G28: Medzinárodná vedecko-technická spolupráca | H28: 89 | I28: 89 | J28: Financovaný | K28: =LEFT(Hárok1!$A28,LEN(Hárok1!$A28)-5) -> SK-UA-2013
A29: SK-UA-2013-0029 | B29: Vývoj vedeckých základov modelovania procesov plastickej deformácie a lomu kovov | C29: PaedDr. Alena Vagaská PhD. | D29: Technická univerzita v Košiciach, Fakulta výrobných technológií, Prešov | F29: Materiálové inžinierstvo | G29: Medzinárodná vedecko-technická spolupráca | H29: Nepodporené | I29: Nepodporené | J29: Nefinancovaný | K29: =LEFT(Hárok1!$A29,LEN(Hárok1!$A29)-5) -> SK-UA-2013
A30: SK-UA-2013-0030 | B30: Critical Infrastructure safety and reliability analysis with application of the Multi-State System | C30: doc. Ing. Elena Zaitseva PhD. | D30: Žilinská univerzita v Žiline, Fakulta riadenia a informatiky | F30: Informačné systémy | G30: Medzinárodná vedecko-technická spolupráca | H30: Nepodporené | I30: Nepodporené | J30: Nefinancovaný | K30: =LEFT(Hárok1!$A30,LEN(Hárok1!$A30)-5) -> SK-UA-2013
A31: SK-UA-2013-0031 | B31: Výskum modelov, internetových nástrojov a technológií pre spoluprácu s komunitou sociálne orientovanej žurnalistiky | C31: RNDr. Štefan Kovalík PhD. | D31: Žilinská univerzita v Žiline, Fakulta riadenia a informatiky | F31: Masmediálna komunikácia | G31: Medzinárodná vedecko-technická spolupráca | H31: Nepodporené | I31: Nepodporené | J31: Nefinancovaný | K31: =LEFT(Hárok1!$A31,LEN(Hárok1!$A31)-5) -> SK-UA-2013
A32: SK-UA-2013-0033 | B32: Vplyv pridania nanočastíc na fyzikálne vlastnosti nových materiálov pre bezolovnaté spájky | C32: Ing. Peter Švec DrSc. | D32: Fyzikálny ústav SAV, | F32: Materiálové inžinierstvo | G32: Medzinárodná vedecko-technická spolupráca | H32: Nepodporené | I32: Nepodporené | J32: Nevyhovel FT kontrole | K32: =LEFT(Hárok1!$A32,LEN(Hárok1!$A32)-5) -> SK-UA-2013
A33: SK-UA-2013-0034 | B33: Hodnotenie vplyvu vodných stavieb na ichtyofaunu vybraných riek na Slovensku a Ukrajine | C33: doc. PaedDr. Ján Koščo PhD. | D33: Prešovská univerzita v Prešove, Fakulta humanitných a prírodných vied | F33: Ekológia jedinca a populácií | G33: Medzinárodná vedecko-technická spolupráca | H33: Nepodporené | I33: Nepodporené | J33: Nefinancovaný | K33: =LEFT(Hárok1!$A33,LEN(Hárok1!$A33)-5) -> SK-UA-2013
A34: SK-UA-2013-0035 | B34: Hodnotenie vplyvov zariadení na využívanie obnoviteľných zdrojov na krajinu | C34: doc. RNDr. Katarína Pavličková CSc. | D34: Univerzita Komenského v Bratislave, Prírodovedecká fakulta | F34: Environmentálny manažment | G34: Medzinárodná vedecko-technická spolupráca | H34: Nepodporené | I34: Nepodporené | J34: Nefinancovaný | K34: =LEFT(Hárok1!$A34,LEN(Hárok1!$A34)-5) -> SK-UA-2013
A35: SK-UA-2013-0036 | B35: Environmental friendly complex metal protection for power plant industry | C35: Mgr. Maroš Halama PhD. | D35: Technická univerzita v Košiciach, Hutnícka fakulta | F35: Materiálové inžinierstvo | G35: Medzinárodná vedecko-technická spolupráca | H35: Nepodporené | I35: Nepodporené | J35: Nefinancovaný | K35: =LEFT(Hárok1!$A35,LEN(Hárok1!$A35)-5) -> SK-UA-2013
A36: SK-UA-2013-0037 | B36: Výskum odolnosti povrchových vrstiev proti opotrebeniu | C36: doc. Ing. Peter Fabian PhD. | D36: Žilinská univerzita v Žiline, Strojnícka fakulta | F36: Ostatné príbuzné odbory strojárstva | G36: Medzinárodná vedecko-technická spolupráca | H36: Nepodporené | I36: Nepodporené | J36: Nevyhovel FT kontrole | K36: =LEFT(Hárok1!$A36,LEN(Hárok1!$A36)-5) -> SK-UA-2013
A37: SK-UA-2013-0038 | B37: Pokročilé gridové techniky pre analýzu časových radov dát zo vzdialeného prieskumu Zeme | C37: doc. Ing. Penka Martincová PhD. | D37: Žilinská univerzita v Žiline, | F37: Informačné a komunikačné technológie | G37: Medzinárodná vedecko-technická spolupráca | H37: Nepodporené | I37: Nepodporené | J37: Nefinancovaný | K37: =LEFT(Hárok1!$A37,LEN(Hárok1!$A37)-5) -> SK-UA-2013
A38: SK-UA-2013-0039 | B38: Vývoj zdokonalených imunobiotík pre korekciu stredných imunitnodeficitných stavov v rámci rozšírených infekcií | C38: MVDr. Alojz Bomba DrSc. | D38: Univerzita Pavla Jozefa Šafárika v Košiciach, Lekárska fakulta | F38: Imunológia (aj pre lekárske, farmaceutické, veterinárne, poľnohospodárske vedy a lesnícke vedy) | G38: Medzinárodná vedecko-technická spolupráca | H38: Nepodporené | I38: Nepodporené | J38: Nefinancovaný | K38: =LEFT(Hárok1!$A38,LEN(Hárok1!$A38)-5) -> SK-UA-2013
A39: SK-UA-2013-0040 | B39: Inteligentné spracovanie multispektrálneho zobrazovania v problematike ochrany životného prostredia | C39: doc. Ing. Vitaly Levashenko PhD. | D39: Žilinská univerzita v Žiline, Fakulta riadenia a informatiky | F39: Umelá inteligencia | G39: Medzinárodná vedecko-technická spolupráca | H39: Nepodporené | I39: Nepodporené | J39: Nefinancovaný | K39: =LEFT(Hárok1!$A39,LEN(Hárok1!$A39)-5) -> SK-UA-2013
A40: SK-UA-2013-0041 | B40: Nanoštruktúrne vrstvy a zlúčeniny na báze oxidu titánu pre čistenie vody | C40: prof. Ing. Ivan Hotový DrSc. | D40: Slovenská technická univerzita v Bratislave, Fakulta elektrotechniky a informatiky | F40: Nanomateriály | G40: Medzinárodná vedecko-technická spolupráca | H40: Nepodporené | I40: Nepodporené | J40: Nefinancovaný | K40: =LEFT(Hárok1!$A40,LEN(Hárok1!$A40)-5) -> SK-UA-2013
... A44: SK-UA-2013-0045 | B44: Úprava vody k získaniu bezpečnej pitnej vody | C44: doc. Ing. Ján Ilavský PhD. | D44: Slovenská technická univerzita v Bratislave, Stavebná fakulta | F44: Vodné stavby (aj pre vodohospodárske vedy) | G44: Medzinárodná vedecko-technická spolupráca | H44: Nepodporené | I44: Nepodporené | J44: Nevyhovel FT kontrole | K44: =LEFT(Hárok1!$A44,LEN(Hárok1!$A44)-5) -> SK-UA-2013
A45: SK-UA-2013-0046 | B45: Nanokompozity pre plazmoniku na báze chalkogénnych skiel s kovovými nanočasticami | C45: doc. RNDr. František Lofaj DrSc. | D45: Ústav materiálového výskumu SAV, | F45: Materiálové inžinierstvo | G45: Medzinárodná vedecko-technická spolupráca | H45: 96.5 | I45: 96.5 | J45: Financovaný | K45: =LEFT(Hárok1!$A45,LEN(Hárok1!$A45)-5) -> SK-UA-2013
A46: SK-UA-2013-0047 | B46: Usporiadanie reaktívnych mezogenov pomocou magnetických nanočastíc a magnetického poľa | C46: RNDr. Natália Tomašovičová CSc. | D46: Ústav experimentálnej fyziky SAV, | F46: Fyzikálne vedy | G46: Medzinárodná vedecko-technická spolupráca | H46: Nepodporené | I46: Nepodporené | J46: Nevyhovel FT kontrole | K46: =LEFT(Hárok1!$A46,LEN(Hárok1!$A46)-5) -> SK-UA-2013
A47: SK-UA-2013-0048 | B47: Formovanie environmentálne orientovaného manažérskeho systému nakladania s tuhým komunálnym odpadom a využitia jeho zdrojového potenciálu na Ukrajina a Slovensku | C47: Ing. Jana Chovancová PhD. | D47: Prešovská univerzita v Prešove, Fakulta manažmentu | F47: Environmentálny manažment | G47: Medzinárodná vedecko-technická spolupráca | H47: Nepodporené | I47: Nepodporené | J47: Nefinancovaný | K47: =LEFT(Hárok1!$A47,LEN(Hárok1!$A47)-5) -> SK-UA-2013
A48: SK-UA-2013-0049 | B48: Príprava a testovanie nových materiálov na separáciu rádionuklidov vo vzorkách životného prostredia | C48: RNDr. Dušan Galanda PhD. | D48: Univerzita Komenského v Bratislave, Prírodovedecká fakulta | F48: Jadrová chémia | G48: Medzinárodná vedecko-technická spolupráca | H48: Nepodporené | I48: Nepodporené | J48: Nefinancovaný | K48: =LEFT(Hárok1!$A48,LEN(Hárok1!$A48)-5) -> SK-UA-2013
A49: SK-UA-2013-0050 | B49: Štúdium fyzikálnych a plazmo-chemických procesov v plazmových perách generujúcich plazmu mikro-výbojmi pri atmosférickom tlaku pre biomedicínske aplikácie | C49: prof. Dr. Štefan Matejčík DrSc. | D49: Univerzita Komenského v Bratislave, Fakulta matematiky, fyziky a informatiky | F49: Fyzika plazmy | G49: Medzinárodná vedecko-technická spolupráca | H49: Nepodporené | I49: Nepodporené | J49: Nefinancovaný | K49: =LEFT(Hárok1!$A49,LEN(Hárok1!$A49)-5) -> SK-UA-2013
A50: SK-UA-2013-0051 | B50: Vysokofrekvenčné výkonové meniče pre elektrické vozidlá | C50: prof. Ing. Pavol Špánik PhD. | D50: Žilinská univerzita v Žiline, Elektrotechnická fakulta | F50: Výkonová elektronika | G50: Medzinárodná vedecko-technická spolupráca | H50: Nepodporené | I50: Nepodporené | J50: Nevyhovel FT kontrole | K50: =LEFT(Hárok1!$A50,LEN(Hárok1!$A50)-5) -> SK-UA-2013
A51: SK-UA-2013-0052 | B51: Výskum meteorických rojov použitím rádiových signálov rozhlasových staníc spoza horizontu a s využitím internetových komunikačných technológií | C51: RNDr. Igor Kudzej CSc. | D51: Vihorlatská hvezdáreň Humenné, | F51: Astronómia | G51: Medzinárodná vedecko-technická spolupráca | H51: Nepodporené | I51: Nepodporené | J51: Nefinancovaný | K51: =LEFT(Hárok1!$A51,LEN(Hárok1!$A51)-5) -> SK-UA-2013
A52: SK-UA-2013-0053 | B52: Zdokonalenie udržateľných priemyselných vodovodných sietí | C52: doc. Ing. Ján Ilavský PhD. | D52: Slovenská technická univerzita v Bratislave, Stavebná fakulta | F52: Vodné stavby (aj pre vodohospodárske vedy) | G52: Medzinárodná vedecko-technická spolupráca | H52: Nepodporené | I52: Nepodporené | J52: Nevyhovel FT kontrole | K52: =LEFT(Hárok1!$A52,LEN(Hárok1!$A52)-5) -> SK-UA-2013
A53: SK-SRB-2016-0001 | B53: Adsorbenty na báze zeolitu pre environmentálnu remediáciu | C53: prof. Dr. Ing. Eva Chmielewská CSc. | D53: Univerzita Komenského v Bratislave, Prírodovedecká fakulta | F53: Environmentálna chémia | G53: Medzinárodná vedecko-technická spolupráca | H53: 91 | I53: 91 | J53: Financovaný | K53: =LEFT(Hárok1!$A53,LEN(Hárok1!$A53)-5) -> SK-SRB-2016
A54: SK-SRB-2016-0002 | B54: C-Au chemická väzba v polyetyléne implantovanom iónmi zlata: DFT modelovanie a experiment | C54: RNDr. Andrej Antušek PhD. | D54: Slovenská technická univerzita v Bratislave, | F54: Materiálová chémia | G54: Medzinárodná vedecko-technická spolupráca | H54: 94 | I54: 94 | J54: Financovaný | K54: =LEFT(Hárok1!$A54,LEN(Hárok1!$A54)-5) -> SK-SRB-2016
A55: SK-SRB-2016-0003 | B55: Adaptácia paralelného WoBInGO systému pre ochranu cloudových a gridových systémov výpočtovou inteligenciou | C55: prof. RNDr. Jiří Pospíchal DrSc. | D55: Univerzita sv. Cyrila a Metoda v Trnave, Fakulta prírodných vied | F55: Aplikovaná informatika | G55: Medzinárodná vedecko-technická spolupráca | H55: 90 | I55: 90 | J55: Financovaný | K55: =LEFT(Hárok1!$A55,LEN(Hárok1!$A55)-5) -> SK-SRB-2016
A56: SK-SRB-2016-0004 | B56: Komparácia pestovania alternatívnych plodín v rozdielnych klimatických podmienkach | C56: RNDr. Danka Kotorová PhD. | D56: Národné poľnohospodárske a potravinárske centrum, Výskumný ústav agroekológie | F56: Špeciálna rastlinná produkcia | G56: Medzinárodná vedecko-technická spolupráca | H56: Nepodporené | I56: Nepodporené | J56: Nefinancovaný | K56: =LEFT(Hárok1!$A56,LEN(Hárok1!$A56)-5) -> SK-SRB-2016
A57: SK-SRB-2016-0005 | B57: Živočíšne genetické zdroje in situ a ex situ | C57: prof. Ing. Peter Chrenek DrSc. | D57: Slovenská poľnohospodárska univerzita v Nitre, Fakulta biotechnológie a potravinárstva | F57: Biotechnológie v poľnohospodárstve | G57: Medzinárodná vedecko-technická spolupráca | H57: Nepodporené | I57: Nepodporené | J57: Nefinancovaný | K57: =LEFT(Hárok1!$A57,LEN(Hárok1!$A57)-5) -> SK-SRB-2016
A58: SK-SRB-2016-0006 | B58: Ekologické analytické metódy na sledovanie rezíduí pesticídov a na degradačné štúdie v potravinách a rastlinných materiáloch | C58: doc. Ing. Svetlana Hrouzková PhD. | D58: Slovenská technická univerzita v Bratislave, Fakulta chemickej a potravinárskej technológie | F58: Chemické vedy | G58: Medzinárodná vedecko-technická spolupráca | H58: 97.5 | I58: 95.5 | J58: Financovaný | K58: =LEFT(Hárok1!$A58,LEN(Hárok1!$A58)-5) -> SK-SRB-2016
A59: SK-SRB-2016-0007 | B59: Posudzovanie vybraných tribologických a vibračných vlastností bio-kompozitných materiálov | C59: Ing. Jana Gavačová PhD. | D59: Slovenská technická univerzita v Bratislave, Strojnícka fakulta | F59: Strojárstvo | G59: Medzinárodná vedecko-technická spolupráca | H59: Nepodporené | I59: Nepodporené | J59: Nefinancovaný | K59: =LEFT(Hárok1!$A59,LEN(Hárok1!$A59)-5) -> SK-SRB-2016
A60: SK-SRB-2016-0008 | B60: Komparatívna percepčná štúdia potenciálu senzorických posudzovateľov na Slovensku a Západnom Balkáne. | C60: doc. Ing. Vladimír Vietoris PhD. | D60: Slovenská poľnohospodárska univerzita v Nitre, | F60: Veterinárske vedy | G60: Medzinárodná vedecko-technická spolupráca | H60: Nepodporené | I60: Nepodporené | J60: Nevyhovel FT kontrole | K60: =LEFT(Hárok1!$A60,LEN(Hárok1!$A60)-5) -> SK-SRB-2016
A61: SK-SRB-2016-0009 | B61: Antioxidačné účinky prírodných biomolekúl pri zlepšovaní inseminačných dávok kancov | C61: Ing. Eva Tvrdá PhD. | D61: Slovenská poľnohospodárska univerzita v Nitre, Fakulta biotechnológie a potravinárstva | F61: Biotechnológie v poľnohospodárstve | G61: Medzinárodná vedecko-technická spolupráca | H61: Nepodporené | I61: Nepodporené | J61: Nefinancovaný | K61: =LEFT(Hárok1!$A61,LEN(Hárok1!$A61)-5) -> SK-SRB-2016
A62: SK-SRB-2016-0010 | B62: Spájanie ľahkých zliatin technológiami využívajúcimi koncentrované zdroje energie | C62: Ing. Jozef Bárta PhD. | D62: Slovenská technická univerzita v Bratislave, Materiálovotechnologická fakulta, Trnava | F62: Zváranie, zlievanie a prášková metalurgia | G62: Medzinárodná vedecko-technická spolupráca | H62: Nepodporené | I62: Nepodporené | J62: Nefinancovaný | K62: =LEFT(Hárok1!$A62,LEN(Hárok1!$A62)-5) -> SK-SRB-2016
A63: SK-SRB-2016-0011 | B63: Prírodné a syntetické sorbenty pre separáciu rádionuklidov zo životného prostredia a úložisk rádioaktívneho odpadu | C63: RNDr. Oľga Rosskopfová PhD. | D63: Univerzita Komenského v Bratislave, Prírodovedecká fakulta | F63: Jadrová chémia | G63: Medzinárodná vedecko-technická spolupráca | H63: Nepodporené | I63: Nepodporené | J63: Nefinancovaný | K63: =LEFT(Hárok1!$A63,LEN(Hárok1!$A63)-5) -> SK-SRB-2016
A64: SK-SRB-2016-0012 | B64: Analýza ichtyocenóz povodia Dunaja na Slovensku a v Srbsku v kontexte globálnych a lokálnych environmentálnych zmien | C64: prof. RNDr. Vladimír Kováč CSc. | D64: Univerzita Komenského v Bratislave, Prírodovedecká fakulta | F64: Ekológia | G64: Medzinárodná vedecko-technická spolupráca | H64: Nepodporené | I64: Nepodporené | J64: Nefinancovaný | K64: =LEFT(Hárok1!$A64,LEN(Hárok1!$A64)-5) -> SK-SRB-2016
A65: SK-SRB-2016-0013 | B65: Kultúrna pamäť a identita slovenskej literatúry v Srbsku | C65: Mgr. Jana Pácalová PhD. | D65: Ústav slovenskej literatúry SAV, | F65: Teória a dejiny slovenskej literatúry | G65: Medzinárodná vedecko-technická spolupráca | H65: Nepodporené | I65: Nepodporené | J65: Nefinancovaný | K65: =LEFT(Hárok1!$A65,LEN(Hárok1!$A65)-5) -> SK-SRB-2016
A66: SK-SRB-2016-0014 | B66: Syntéza a využitie nových anorganických polymérnych materiálov pre čistenie odpadových vôd | C66: doc. RNDr. Zuzana Melichová PhD. | D66: Univerzita Mateja Bela v Banskej Bystrici, Fakulta prírodných vied | F66: Chemické vedy | G66: Medzinárodná vedecko-technická spolupráca | H66: Nepodporené | I66: Nepodporené | J66: Nefinancovaný | K66: =LEFT(Hárok1!$A66,LEN(Hárok1!$A66)-5) -> SK-SRB-2016
A67: SK-SRB-2016-0016 | B67: Nová technológia pre revitalizáciu poškodených konštrukčných komponentov | C67: doc. Ing. Branislav Hadzima PhD. | D67: Žilinská univerzita v Žiline, | F67: Materiálové inžinierstvo | G67: Medzinárodná vedecko-technická spolupráca | H67: Nepodporené | I67: Nepodporené | J67: Nefinancovaný | K67: =LEFT(Hárok1!$A67,LEN(Hárok1!$A67)-5) -> SK-SRB-2016
A68: SK-SRB-2016-0017 | B68: Aplikácia binárnych a viachodnotových rozhodovacích diagramov v analýze spoľahlivosti | C68: prof. Ing. Elena Zaitseva PhD. | D68: Žilinská univerzita v Žiline, Fakulta riadenia a informatiky | F68: Aplikovaná informatika | G68: Medzinárodná vedecko-technická spolupráca | H68: Nepodporené | I68: Nepodporené | J68: Nefinancovaný | K68: =LEFT(Hárok1!$A68,LEN(Hárok1!$A68)-5) -> SK-SRB-2016
A69: SK-SRB-2016-0017 | B69: Kvantitatívna analýza slabík v slovanských jazykoch (ruština, slovenčina, srbčina) | C69: doc. Mgr. Ján Mačutek PhD. | D69: Univerzita Komenského v Bratislave, Fakulta matematiky, fyziky a informatiky | F69: Ostatné príbuzné odbory matematických vied | G69: Medzinárodná vedecko-technická spolupráca | H69: Nepodporené | I69: Nepodporené | J69: Nevyhovel FT kontrole | K69: =LEFT(Hárok1!$A69,LEN(Hárok1!$A69)-5) -> SK-SRB-2016
A70: SK-SRB-2016-0018 | B70: Bioaktívne zložky ovocia pre bezbečné a zdraviu prospešné potraviny | C70: doc. RNDr. Tomáš Tóth PhD. | D70: Slovenská poľnohospodárska univerzita v Nitre, Fakulta biotechnológie a potravinárstva | F70: Chémia a technológia požívatín (aj pre vodohospodárske vedy) | G70: Medzinárodná vedecko-technická spolupráca | H70: Nepodporené | I70: Nepodporené | J70: Nefinancovaný | K70: =LEFT(Hárok1!$A70,LEN(Hárok1!$A70)-5) -> SK-SRB-2016
... A72: SK-SRB-2016-0020 | B72: Optimalizácia logistických procesov s využitím elektromobilov | C72: prof. Ing. Ivan Brezina CSc. | D72: Ekonomická univerzita v Bratislave, Fakulta hospodárskej informatiky | F72: Ekonometria a operačný výskum | G72: Medzinárodná vedecko-technická spolupráca | H72: Nepodporené | I72: Nepodporené | J72: Nefinancovaný | K72: =LEFT(Hárok1!$A72,LEN(Hárok1!$A72)-5) -> SK-SRB-2016
A73: SK-SRB-2016-0021 | B73: Kvantitatívna analýza slabík v slovanských jazykoch (ruština, slovenčina, srbčina) | C73: doc. Mgr. Ján Mačutek PhD. | D73: Univerzita Komenského v Bratislave, Fakulta matematiky, fyziky a informatiky | F73: Aplikovaná matematika (aj pre technické vedy) | G73: Medzinárodná vedecko-technická spolupráca | H73: 97 | I73: 97 | J73: Financovaný | K73: =LEFT(Hárok1!$A73,LEN(Hárok1!$A73)-5) -> SK-SRB-2016
A74: SK-SRB-2016-0022 | B74: Prekážky a príležitosti produkcie surového mlieka v Srbskej a Slovenskej republike | C74: doc. Ing. Štefan Buday PhD. | D74: Národné poľnohospodárske a potravinárske centrum, Výskumný ústav ekonomiky poľnohospodárstva a potravinárstva | F74: Poľnohospodárske vedy, lesníctvo a rybárstvo | G74: Medzinárodná vedecko-technická spolupráca | H74: Nepodporené | I74: Nepodporené | J74: Nefinancovaný | K74: =LEFT(Hárok1!$A74,LEN(Hárok1!$A74)-5) -> SK-SRB-2016
A75: SK-SRB-2016-0023 | B75: Analýza glykánových biomarkerov ako nástroj pre biomedicínsky výskum, sledovanie a diagnostiku nádorových ochorení | C75: Ing. Jaroslav Katrlík PhD. | D75: Chemický ústav SAV, | F75: Analytická chémia | G75: Medzinárodná vedecko-technická spolupráca | H75: 98.5 | I75: 98.5 | J75: Financovaný | K75: =LEFT(Hárok1!$A75,LEN(Hárok1!$A75)-5) -> SK-SRB-2016
A76: SK-SRB-2016-0024 | B76: Zvyšovanie efektívnosti služieb železničnej dopravy pomocou nástrojov pre podporu rozhodovania | C76: doc. Ing. Peter Márton PhD. | D76: Žilinská univerzita v Žiline, | F76: Dopravné technológie | G76: Medzinárodná vedecko-technická spolupráca | H76: 93 | I76: 93 | J76: Financovaný | K76: =LEFT(Hárok1!$A76,LEN(Hárok1!$A76)-5) -> SK-SRB-2016
A77: SK-SRB-2016-0025 | B77: Výskum v možnostiach digitalizácie logistických a výrobných technológií pre Industry 4.0 | C77: doc. Ing. Peter Michalik PhD. | D77: Technická univerzita v Košiciach, Fakulta výrobných technológií, Prešov | F77: Strojárstvo | G77: Medzinárodná vedecko-technická spolupráca | H77: Nepodporené | I77: Nepodporené | J77: Nefinancovaný | K77: =LEFT(Hárok1!$A77,LEN(Hárok1!$A77)-5) -> SK-SRB-2016
A78: SK-SRB-2016-0026 | B78: Chemické zloženie, antioxidačná aktivita a antimikrobiálny účinok liečivých rastlín | C78: prof. Ing. Miroslava Kačániová PhD. | D78: Slovenská poľnohospodárska univerzita v Nitre, Fakulta biotechnológie a potravinárstva | F78: Poľnohospodárske vedy, lesníctvo a rybárstvo | G78: Medzinárodná vedecko-technická spolupráca | H78: Nepodporené | I78: Nepodporené | J78: Nefinancovaný | K78: =LEFT(Hárok1!$A78,LEN(Hárok1!$A78)-5) -> SK-SRB-2016
A79: SK-SRB-2016-0027 | B79: Vedecká spolupráca a výskum v oblasti "Procesné inžinierstvo a životné prostredie" | C79: doc. Ing. Ružena Králiková CSc. | D79: Technická univerzita v Košiciach, Strojnícka fakulta | F79: Enviromentálne inžinierstvo | G79: Medzinárodná vedecko-technická spolupráca | H79: Nepodporené | I79: Nepodporené | J79: Nefinancovaný | K79: =LEFT(Hárok1!$A79,LEN(Hárok1!$A79)-5) -> SK-SRB-2016
A80: SK-SRB-2016-0028 | B80: Posúdenie a zlepšenie nutričnej kvality krmív | C80: doc. Ing. Mária Chrenková CSc. | D80: Národné poľnohospodárske a potravinárske centrum, Výskumný ústav živočíšnej výroby xxxxx | F80: Výživa zvierat a dietetika | G80: Medzinárodná vedecko-technická spolupráca | H80: 93.5 | I80: 93.5 | J80: Financovaný | K80: =LEFT(Hárok1!$A80,LEN(Hárok1!$A80)-5) -> SK-SRB-2016
A81: SK-SRB-2016-0029 | B81: Výskyt huby Gibberella circinata a Mycosphaerella pini na hostiteľoch rodu Pinus | C81: Ing. Emília Ondrušková PhD. | D81: Ústav ekológie lesa SAV, | F81: Mykológia (aj pre lekárske, farmaceutické, veterinárne, poľnohospodárske a lesnícke vedy) | G81: Medzinárodná vedecko-technická spolupráca | H81: Nepodporené | I81: Nepodporené | J81: Nefinancovaný | K81: =LEFT(Hárok1!$A81,LEN(Hárok1!$A81)-5) -> SK-SRB-2016
A82: SK-SRB-2016-0030 | B82: Spracovanie signálov pomocou metód neceločíselného rádu a aplikácie | C82: Ing. Tomáš Škovránek PhD. | D82: Technická univerzita v Košiciach, Fakulta baníctva, ekológie, riadenia a geotechnológií | F82: Informačné a komunikačné technológie | G82: Medzinárodná vedecko-technická spolupráca | H82: 88.5 | I82: 88.5 | J82: Financovaný | K82: =LEFT(Hárok1!$A82,LEN(Hárok1!$A82)-5) -> SK-SRB-2016
A83: SK-SRB-2016-0031 | B83: Úloha IL-6/NF-κB/HIF-1 signálnej dráhy v kmeňovosti prsníkových nádorových buniek sprostredkovanej mezenchýmovými stromálnymi bunkami izolovanými z tukového tkaniva | C83: Mgr. Lucia Kučerová PhD. | D83: Biomedicínske centrum SAV, Ústav experimentálnej onkológieÚstav experimentálnej onkológie | F83: Onkológia | G83: Medzinárodná vedecko-technická spolupráca | H83: 89 | I83: 92 | J83: Financovaný | K83: =LEFT(Hárok1!$A83,LEN(Hárok1!$A83)-5) -> SK-SRB-2016
A84: SK-SRB-2016-0032 | B84: Etnicka migrácia a štrukturálne zmeny na vidieku – prípradová štúdia migrácie Slovákov z Vojvodiny | C84: Ing. Ivan Takáč PhD. | D84: Slovenská poľnohospodárska univerzita v Nitre, Fakulta európskych štúdií a regionálneho rozvoja | F84: Verejná správa a regionálny rozvoj | G84: Medzinárodná vedecko-technická spolupráca | H84: Nepodporené | I84: Nepodporené | J84: Nevyhovel FT kontrole | K84: =LEFT(Hárok1!$A84,LEN(Hárok1!$A84)-5) -> SK-SRB-2016
A85: SK-SRB-2016-0033 | B85: Etnicka migrácia a štrukturálne zmeny na vidieku – prípradová štúdia migrácie Slovákov z Vojvodiny | C85: Ing. Ivan Takáč PhD. | D85: Slovenská poľnohospodárska univerzita v Nitre, Fakulta európskych štúdií a regionálneho rozvoja | F85: Verejná správa a regionálny rozvoj | G85: Medzinárodná vedecko-technická spolupráca | H85: Nepodporené | I85: Nepodporené | J85: Nefinancovaný | K85: =LEFT(Hárok1!$A85,LEN(Hárok1!$A85)-5) -> SK-SRB-2016
A86: SK-SRB-2016-0034 | B86: Komunita Slovákov z Vojvodiny v kontexte tranformačných procesov po roku 1990 | C86: Mgr. Juraj Marušiak PhD. | D86: Ústav politických vied SAV, | F86: Politické vedy | G86: Medzinárodná vedecko-technická spolupráca | H86: Nepodporené | I86: Nepodporené | J86: Nefinancovaný | K86: =LEFT(Hárok1!$A86,LEN(Hárok1!$A86)-5) -> SK-SRB-2016
A87: SK-SRB-2016-0035 | B87: Experimentálny, teoretický a simulačný výskum mechanizmu zapálenia radiofrekvenčných mikrovýbojov v stlačenom laborátornom a syntetickom vzduchu | C87: RNDr. Matej Klas PhD. | D87: Univerzita Komenského v Bratislave, Fakulta matematiky, fyziky a informatiky | F87: Fyzika plazmy | G87: Medzinárodná vedecko-technická spolupráca | H87: 96.5 | I87: 96.5 | J87: Financovaný | K87: =LEFT(Hárok1!$A87,LEN(Hárok1!$A87)-5) -> SK-SRB-2016
A88: SK-SRB-2016-0036 | B88: Vplyv mikroštruktúry na obrobiteľnosť vysokochrómovej liatiny | C88: doc. Ing. Marcela Pokusová CSc. | D88: Slovenská technická univerzita v Bratislave, Strojnícka fakulta | F88: Obrábanie, tvárnenie a povrchová úprava | G88: Medzinárodná vedecko-technická spolupráca | H88: 98.5 | I88: 98.5 | J88: Financovaný | K88: =LEFT(Hárok1!$A88,LEN(Hárok1!$A88)-5) -> SK-SRB-2016
A89: SK-SRB-2016-0037 | B89: Analýza možností riadenia ochrany životného prostredia na základe informácií z environmentálneho účtovníctva | C89: Ing. Vladimír Surový PhD. | D89: Ekonomická univerzita v Bratislave, Fakulta hospodárskej informatiky | F89: Účtovníctvo | G89: Medzinárodná vedecko-technická spolupráca | H89: Nepodporené | I89: Nepodporené | J89: Nefinancovaný | K89: =LEFT(Hárok1!$A89,LEN(Hárok1!$A89)-5) -> SK-SRB-2016
A90: SK-SRB-2016-0038 | B90: Antibakteriálne polymérne nanokompozitné vlákna z uhlíkových nanomateriálov | C90: Mgr. Zdenko Špitalský PhD. | D90: Ústav polymérov SAV, | F90: Makromolekulová chémia | G90: Medzinárodná vedecko-technická spolupráca | H90: 92 | I90: 92 | J90: Financovaný | K90: =LEFT(Hárok1!$A90,LEN(Hárok1!$A90)-5) -> SK-SRB-2016
A91: SK-SRB-2016-0039 | B91: Determinanty fyzickej bezpečnosti v obciach a mestách | C91: doc. Ing. Andrej Veľas PhD. | D91: Žilinská univerzita v Žiline, Fakulta bezpečnostného inžinierstva | F91: Ochrana osôb a majetku | G91: Medzinárodná vedecko-technická spolupráca | H91: Nepodporené | I91: Nepodporené | J91: Nefinancovaný | K91: =LEFT(Hárok1!$A91,LEN(Hárok1!$A91)-5) -> SK-SRB-2016
A92: SK-SRB-2016-0040 | B92: Teplotná vodivosť vybraných pevných materiálov | C92: doc. RNDr. Anton Trník PhD. | D92: Univerzita Konštantína Filozofa v Nitre, Fakulta prírodných vied | F92: Materiálové inžinierstvo | G92: Medzinárodná vedecko-technická spolupráca | H92: Nepodporené | I92: Nepodporené | J92: Nefinancovaný | K92: =LEFT(Hárok1!$A92,LEN(Hárok1!$A92)-5) -> SK-SRB-2016
A93: SK-SRB-2016-0041 | B93: Výtvarné dialógy | C93: prof. PaedDr. Jaroslav Uhel ArtD. | D93: Univerzita Mateja Bela v Banskej Bystrici, Pedagogická fakulta | F93: Odborová didaktika | G93: Medzinárodná vedecko-technická spolupráca | H93: Nepodporené | I93: Nepodporené | J93: Nevyhovel FT kontrole | K93: =LEFT(Hárok1!$A93,LEN(Hárok1!$A93)-5) -> SK-SRB-2016
A94: SK-SRB-2016-0042 | B94: Predikcia výskytu rýb v melioračných kanáloch Panónskej oblasti ako nástroj ochrany rýb a ich habitatov | C94: Mgr. Ladislav Pekárik PhD. | D94: Centrum biológie rastlín a biodiverzity SAV - Botanický ústav SAV, | F94: Ekológia | G94: Medzinárodná vedecko-technická spolupráca | H94: Nepodporené | I94: Nepodporené | J94: Nefinancovaný | K94: =LEFT(Hárok1!$A94,LEN(Hárok1!$A94)-5) -> SK-SRB-2016
A95: SK-SRB-2016-0043 | B95: Stratégia bukových ekosystémov v rozdielnych rastových podmienkach: dynamika regenerácie, rastu a vitality | C95: Ing. Milan Barna PhD. | D95: Ústav ekológie lesa SAV, | F95: Lesnícka fytológia | G95: Medzinárodná vedecko-technická spolupráca | H95: Nepodporené | I95: Nepodporené | J95: Nefinancovaný | K95: =LEFT(Hárok1!$A95,LEN(Hárok1!$A95)-5) -> SK-SRB-2016
A96: SK-SRB-2016-0044 | B96: Terapeutický potenciál fenolových kyselín cez ich kardiovaskulárne účinky v experimentálnej hypertenzii | C96: Mgr. Anna Zemančíková PhD. | D96: Ústav normálnej a patologickej fyziológie SAV, | F96: Normálna a patologická fyziológia | G96: Medzinárodná vedecko-technická spolupráca | H96: Nepodporené | I96: Nepodporené | J96: Nefinancovaný | K96: =LEFT(Hárok1!$A96,LEN(Hárok1!$A96)-5) -> SK-SRB-2016
A97: SK-SRB-2016-0045 | B97: Včlenenie metód umelej inteligencie do inovačných postupov frézovania | C97: prof. Ing. Ildikó Maňková CSc. | D97: Technická univerzita v Košiciach, Strojnícka fakulta | F97: Obrábanie, tvárnenie a povrchová úprava | G97: Medzinárodná vedecko-technická spolupráca | H97: 98 | I97: 98 | J97: Financovaný | K97: =LEFT(Hárok1!$A97,LEN(Hárok1!$A97)-5) -> SK-SRB-2016
A98: SK-SRB-2016-0046 | B98: Využitie ľahkých konštrukcií v prevodoch využívajúcich HCR ozubenie | C98: Ing. Jozef Bucha PhD. | D98: Slovenská technická univerzita v Bratislave, Strojnícka fakulta | F98: Časti a mechanizmy strojov | G98: Medzinárodná vedecko-technická spolupráca | H98: Nepodporené | I98: Nepodporené | J98: Nefinancovaný | K98: =LEFT(Hárok1!$A98,LEN(Hárok1!$A98)-5) -> SK-SRB-2016
A99: SK-SRB-2016-0047 | B99: Výmena aktuálnych poznatkov o výrobe a hodnotení kvality a bezpečnosti tradičných slovenských a srbských mliečnych výrobkov | C99: prof. Ing. Ľubomír Valík PhD. | D99: Slovenská technická univerzita v Bratislave, Fakulta chemickej a potravinárskej technológie | F99: Chémia a technológia požívatín (aj pre vodohospodárske vedy) | G99: Medzinárodná vedecko-technická spolupráca | H99: Nepodporené | I99: Nepodporené | J99: Nefinancovaný | K99: =LEFT(Hárok1!$A99,LEN(Hárok1!$A99)-5) -> SK-SRB-2016
A100: SK-SRB-2016-0048 | B100: Hodnotenie genetickej diverzity a kvantitatívno-kvalitatívnych vlastností alternatívnych druhov rastlín na Slovensku a v Srbsku | C100: doc. Ing. Miroslav Habán PhD. | D100: Univerzita Komenského v Bratislave, Farmaceutická fakulta | F100: Farmakognózia | G100: Medzinárodná vedecko-technická spolupráca | H100: Nepodporené | I100: Nepodporené | J100: Nefinancovaný | K100: =LEFT(Hárok1!$A100,LEN(Hárok1!$A100)-5) -> SK-SRB-2016
A101: SK-SRB-2016-0049 | B101: Návrh logistických nástrojov pre projektovanie dopravných systémov na báze zelenej logistiky | C101: prof. Ing. Daniela Marasová CSc. | D101: Technická univerzita v Košiciach, Fakulta baníctva, ekológie, riadenia a geotechnológií | F101: Dopravné systémy | G101: Medzinárodná vedecko-technická spolupráca | H101: Nepodporené | I101: Nepodporené | J101: Nevyhovel FT kontrole | K101: =LEFT(Hárok1!$A101,LEN(Hárok1!$A101)-5) -> SK-SRB-2016
A102: SK-SRB-2016-0050 | B102: Invasive organisms-challenges in contemporary plant protection in Slovakia and Serbia | C102: Ing. Peter Tóth PhD. | D102: Slovenská poľnohospodárska univerzita v Nitre, Fakulta agrobiológie a potravinových zdrojov | F102: Ochrana rastlín | G102: Medzinárodná vedecko-technická spolupráca | H102: Nepodporené | I102: Nepodporené | J102: Nefinancovaný | K102: =LEFT(Hárok1!$A102,LEN(Hárok1!$A102)-5) -> SK-SRB-2016
A103: SK-SRB-2016-0051 | B103: Zvariteľnosť vytvrditeľných materiálov | C103: Ing. Jozef Kasala PhD. | D103: Trenčianska univerzita Alexandra Dubčeka v Trenčíne, Fakulta špeciálnej techniky | F103: Zváranie, zlievanie a prášková metalurgia | G103: Medzinárodná vedecko-technická spolupráca | H103: Nepodporené | I103: Nepodporené | J103: Nevyhovel FT kontrole | K103: =LEFT(Hárok1!$A103,LEN(Hárok1!$A103)-5) -> SK-SRB-2016
A104: SK-SRB-2016-0052 | B104: Magnetické nanočastice pre hypertermiu : Ladenie požadovaných vlastností dopovaním | C104: RNDr. Mária Zentková CSc. | D104: Ústav experimentálnej fyziky SAV, | F104: Fyzikálne vedy | G104: Medzinárodná vedecko-technická spolupráca | H104: Nepodporené | I104: Nepodporené | J104: Nefinancovaný | K104: =LEFT(Hárok1!$A104,LEN(Hárok1!$A104)-5) -> SK-SRB-2016
...
